 Dungeon Sprint DCSS version 0.29-a0-653-gd47aff6735 (webtiles) character file.

Game seed: 5981504081771161057

1175 mhtbhm the Unseen (level 8, -2/37 HPs)
             Began as a Spriggan Enchanter on June 21, 2022.
             Was an Initiate of Sif Muna.
             Killed from afar by a white imp (9 damage)
             ... with a puff of frost
             ... summoned by a kobold demonologist
             ... in the Dungeon (Sprint I: "Red Sonja").
             The game lasted 00:04:29 (559 turns).

mhtbhm the Unseen (Spriggan Enchanter)               Turns: 559, Time: 00:04:30

Health: -2/37      AC:  2    Str:  4    XL:     8   Next: 18%
Magic:  10/22      EV: 22    Int: 16    God:    Sif Muna [......]
Gold:   513        SH:  0    Dex: 18    Spells: 14/25 levels left

rFire   . . .      SeeInvis +   a - +2 short sword (drain)
rCold   . . .      Faith    .   (no shield)
rNeg    . . .      Spirit   .   b - +0 robe
rPois   .          Reflect  .   (helmet restricted)
rElec   .          Harm     .   (no cloak)
rCorr   .          Rampage  .   (gloves unavailable)
Will    +....      NoTele   +   (boots unavailable)
Stlth   ++++++....              (no amulet)
HPRegen 0.12/turn               (no ring)
MPRegen 0.18/turn               (no ring)

@: very quick
A: very small, no large weapons, unfitting armour, see invisible, speed 3
a: Renounce Religion


You were in the Dungeon.
You worshipped Sif Muna.
Sif Muna was noncommittal.
You visited 1 branch You collected 513 gold pieces.

Inventory:

Hand Weapons
 a - a +2 short sword of draining (weapon)
Missiles
 n - 3 curare-tipped darts (quivered)
Armour
 b - a +0 robe (worn)
Wands
 h - a wand of polymorph (3)
 k - a wand of light (5)
Scrolls
 i - a scroll of blinking
Potions
 c - 2 potions of invisibility
 d - a potion of curing
 f - a potion of haste
 g - a potion of magic
 j - a potion of degeneration {unknown}
 l - a potion of flight {unknown}
 m - a potion of brilliance {unknown}


   Skills:
 + Level 0.6 Fighting
 + Level 5.7 Short Blades
 + Level 7.9 Dodging
 + Level 15.8 Stealth
 + Level 9.4 Spellcasting
 + Level 12.7 Hexes
 * Level 1.8 Invocations


You had 14 spell levels left.
You knew the following spells:

 Your Spells              Type           Power      Damage    Failure   Level
a - Ensorcelled Hibernat  Hex/Ice        54%        N/A       1%          2
b - Confusing Touch       Hex            48%        N/A       1%          3
c - Tukima's Dance        Hex            48%        N/A       1%          3
d - Dazzling Flash        Conj/Hex       54%        N/A       2%          3

Your spell library contained the following spells:

 Spells                   Type           Power      Damage    Failure   Level


Dungeon Overview and Level Annotations

Branches:
Dungeon (1/1)

Altars:
Cheibriados
Dithmenos
Elyvilon
Fedhas
Gozag
Hepliaklqana
Kikubaaqudgha
Makhleb
Nemelex Xobeh
Okawaru
Qazlal
Ru
Sif Muna
Trog
Uskayaw
Vehumet
Wu Jian
Xom
Yredelemnul
Zin
The Shining One
Jiyva
Lugonu

Shops:
D !(


Innate Abilities, Weirdness & Mutations

You are very small and have problems with some larger weapons.
You are too small for most types of armour.
You have supernaturally acute eyesight. (SInv)
You cover ground extremely quickly. (Speed+++)


Message History

The kobold demonologist is dazzled.
The iron imp is dazzled.
The shadow imp is dazzled.
The kobold demonologist is dazzled.
The white imp is dazzled.
The ynoxinul is dazzled.
The kobold demonologist barely misses you. x2
The iron imp spits at you. The iron imp completely misses you.
The white imp closely misses you.
Unknown command.
Unknown command.
Unknown command.
Unknown command.
You hit the kobold demonologist but do no damage.
You drain the kobold demonologist.
The kobold demonologist is lightly wounded.
The kobold demonologist mumbles some strange words.
The iron imp hits you.
Unknown command.
You hit the kobold demonologist.
The kobold demonologist is almost dead.
The white imp gestures at you. The puff of frost hits you!
The kobold demonologist misses you.
The kobold demonologist gestures wildly while chanting.
Unknown command.
You catch the helpless kobold demonologist completely off-guard!
You impale the kobold demonologist!! You punch the kobold demonologist.
The kobold demonologist is severely wounded.
The white imp gestures at you. The puff of frost misses you.
The iron imp misses you.
The kobold demonologist casts a spell.
The kobold demonologist mumbles some strange words.
Unknown command.
You miss the kobold demonologist.
The kobold demonologist is severely wounded.
The iron imp is no longer blind.
The smoke demon gestures at you.
The ball of steam hits the iron imp.
The iron imp resists.
The ball of steam hits you!
* * * LOW HITPOINT WARNING * * *
The white imp gestures at you. The puff of frost hits you!
You die...

######################
..'..#).'..#__#5@K.5.#
).#.)'.[#..'..35K#G5.#
####'#####'#_3#### ..+
###..#...#.#### ##
__####..##.#
_____##'#_.+
_.∩...'..._#
_..__##_.#'#
_____###'#.#


You could see 2 kobold demonologists, a smoke demon (summoned), a ynoxinul
(summoned, blind), a floating eye (wandering, blind), an iron imp (summoned), a
white imp (summoned, blind) and 2 shadow imps.

Vanquished Creatures
  Sonja (D)
  A slime creature (D)
  Sigmund (D)
  A yak (D)
  An ogre (D)
  A jelly (D)
  Ijyb (D)
7 creatures vanquished.

Notes
Turn   | Place    | Note
-------+----------+-------------------------------------------
     0 | D        | mhtbhm the Spriggan Enchanter began the quest for the Orb.
     0 | D        | Reached XP level 1. HP: 9/9 MP: 5/5
     2 | D        | Noticed Ijyb
     9 | D        | Killed Ijyb
    10 | D        | Reached skill level 6 in Stealth
    10 | D        | Reached skill level 5 in Hexes
    10 | D        | Reached XP level 2. HP: 13/13 MP: 5/7
    43 | D        | Learned a level 2 spell: Ensorcelled Hibernation
   144 | D        | Noticed an ogre
   147 | D        | Killed an ogre
   148 | D        | Reached skill level 8 in Stealth
   148 | D        | Reached XP level 3. HP: 16/16 MP: 8/10
   148 | D        | Reached XP level 4. HP: 21/21 MP: 8/11
   160 | D        | Learned a level 3 spell: Confusing Touch
   164 | D        | Learned a level 3 spell: Tukima's Dance
   168 | D        | Learned a level 3 spell: Dazzling Flash
   176 | D        | Noticed Sigmund
   190 | D        | Killed Sigmund
   191 | D        | Reached skill level 5 in Dodging
   191 | D        | Reached skill level 11 in Stealth
   191 | D        | Reached XP level 5. HP: 21/24 MP: 3/15
   391 | D        | Found an ornate altar of the Wu Jian Council.
   391 | D        | Found a shimmering blue altar of Sif Muna.
   393 | D        | Found a radiant altar of Vehumet.
   398 | D        | Reached skill level 10 in Hexes
   398 | D        | Reached XP level 6. HP: 28/28 MP: 16/16
   399 | D        | Found Poonteq's Weapon Emporium.
   399 | D        | Found an ancient bone altar of Kikubaaqudgha.
   399 | D        | Found a hazy altar of Hepliaklqana.
   399 | D        | Found a stormy altar of Qazlal.
   399 | D        | Found a hide-covered altar of Uskayaw.
   399 | D        | Found a blossoming altar of Fedhas.
   399 | D        | Found a bloodstained altar of Trog.
   399 | D        | Found an iron altar of Okawaru.
   399 | D        | Found a basalt altar of Yredelemnul.
   399 | D        | Found a glowing golden altar of the Shining One.
   399 | D        | Found a snail-covered altar of Cheibriados.
   399 | D        | Found a sacrificial altar of Ru.
   399 | D        | Found a glowing silver altar of Zin.
   399 | D        | Found a shadowy altar of Dithmenos.
   399 | D        | Found a white marble altar of Elyvilon.
   399 | D        | Noticed a yak
   401 | D        | Killed a yak
   402 | D        | Reached skill level 12 in Stealth
   402 | D        | Found an opulent altar of Gozag.
   403 | D        | Found a sparkling altar of Nemelex Xobeh.
   451 | D        | Became a worshipper of Sif Muna the Loreminder
   467 | D        | Noticed Sonja
   471 | D        | Killed Sonja
   472 | D        | Reached skill level 5 in Short Blades
   472 | D        | Reached skill level 15 in Stealth
   472 | D        | Reached XP level 7. HP: 32/32 MP: 17/20
   494 | D        | Found Faed Kemei's Distillery.
   524 | D        | Found a burning altar of Makhleb.
   524 | D        | Found a viscous altar of Jiyva.
   524 | D        | Found a shimmering altar of Xom.
   524 | D        | Found a corrupted altar of Lugonu.
   524 | D        | Noticed a slime creature
   527 | D        | Killed a slime creature
   528 | D        | Reached skill level 1 in Invocations
   528 | D        | Reached XP level 8. HP: 37/37 MP: 22/22
   542 | D        | Noticed a kobold demonologist
   542 | D        | Noticed a kobold demonologist
   558 | D        | Noticed a smoke demon
   559 | D        | Killed from afar by a white imp

Illustrated notes

Levels and vault maps discovered:
D:        dungeon_sprint_1 [red_sonja_temple_1, red_sonja_temple_small_1]

Skill      XL: |  1  2  3  4  5  6  7 |
---------------+----------------------+-----
Dodging        | 3 4 5 7 |  7.9
Stealth        | 6 8 11 15 | 15.8
Spellcasting   | 3 4 6 9 |  9.4
Hexes          | 5 7 9 10 12 | 12.7
Short Blades   | 2 3 5 |  5.7
Invocations    | 1 |  1.8
Fighting       | |  0.6

Action                   |  1- 3 |  4- 6 |  7- 9 || total
-------------------------+-------+-------+-------++-------
Melee: Dagger            |     6 |     8 |       ||    14
       Short sword       |       |       |    11 ||    11
       Punch             |       |       |     1 ||     1
 Cast: Tukima's Dance    |       |     3 |       ||     3
       Dazzling Flash    |       |     2 |     4 ||     6
       Confusing Touch   |       |     1 |       ||     1
       Ensorcelled Hiber |       |     1 |     1 ||     2
Evoke: Wand              |       |       |     1 ||     1
  Use: Potion            |     1 |     1 |     1 ||     3
 Stab: Sleeping          |     1 |     3 |     1 ||     5
       Confused          |       |     1 |       ||     1
       Invisible         |       |       |     2 ||     2
Armor: Robe              |       |     1 |     2 ||     3
Dodge: Dodged            |     2 |     3 |    21 ||    26

Table legend: (Time is in decaauts)
 A = Elapsed time spent in this place.
 B = Non-inter-level travel time spent in this place.
 C = Inter-level travel time spent in this place.
 D = Time resting spent in this place.
 E = Time spent auto-exploring this place.
 F = Levels seen in this place.
 G = Mean time per level.
                   A        B        C        D        E       F      G
               +--------+--------+--------+--------+--------+-----+--------+
         Total |    500 |    500 |      0 |    320 |      0 |   1 |  500.0 |
       Dungeon |    500 |    500 |      0 |    320 |      0 |   1 |  500.0 |
               +--------+--------+--------+--------+--------+-----+--------+

Top non-repeatable levels by time:
       D: 500 daAuts
